 Dungeon Crawl Stone Soup version 0.30-a0-738-g116ff8c4af (webtiles) character file.

Game seed: 12404372517138472076

189 omnomnOMINOUS the Firebug (level 5, -1/31 (34) HPs)
             Began as an Octopode Wanderer on Feb 3, 2023.
             Slain by a hell rat (13 damage)
             ... in a sewer.
             The game lasted 00:06:09 (1856 turns).

omnomnOMINOUS the Firebug (Octopode Wanderer)       Turns: 1856, Time: 00:06:10

HP:   -1/31 (34)    AC:  1    Str: 10    XL:     5   Next: 68%
MP:   8/8           EV: 13    Int: 17    God:
Gold: 106           SH:  0    Dex: 12    Spells: 2/8 levels left

rFire   . . .      SeeInvis .    a - +0 long sword
rCold   . . .      Faith    .    (no shield)
rNeg    . . .      Spirit   .    (helmet restricted)
rPois   .          Reflect  .    (no amulet)
rElec   .          Harm     .    (no ring)
rCorr   .          Rampage  .    (no ring)
Will    .....                    (no ring)
Stlth   +++                      (no ring)
HPRegen 0.25/turn                (no ring)
MPRegen 0.11/turn                (no ring)
                                 (no ring)
                                 (no ring)

@: drained
A: almost no armour, amphibious, 8 rings, camouflage 1, gelatinous body 1,
nimble swimmer 1, tentacles
a: no special abilities


You were in a sewer.
You visited 1 branch of the dungeon, and saw 3 of its levels.
You also visited: Sewer.

You collected 178 gold pieces.
You spent 72 gold pieces at shops.

Inventory:

Hand Weapons
 a - a +0 long sword (weapon)
 l - a +1 whip of flaming
Missiles
 b - 8 boomerangs (quivered)
 e - a throwing net
 n - 6 datura-tipped darts
Scrolls
 c - a scroll of fear
 d - 4 scrolls of identify {unknown}
 f - a scroll of enchant weapon {unknown}
 i - a scroll of magic mapping {unknown}
 j - 2 scrolls of teleportation {unknown}
 o - a scroll of poison {unknown}
Potions
 g - a potion of magic {unknown}
 h - 2 potions of curing
 k - a potion of haste {unknown}
 m - a potion of degeneration {unknown}


   Skills:
 + Level 2.2 Fighting
 - Level 3.0 Throwing
 + Level 2.0 Dodging
 + Level 2.0 Spellcasting
 + Level 1.8 Conjurations
 + Level 3.6 Fire Magic
 + Level 0.4 Air Magic
 + Level 3.4 Poison Magic


You had 2 spell levels left.
You knew the following spells:

 Your Spells              Type           Power      Damage    Failure   Level
a - Foxfire               Conj/Fire      44%        2x1d6     6%          1
b - Scorch                Fire           28%        2d6       6%          2
c - Mephitic Cloud        Conj/Pois/Air  8%         N/A       26%         3

Your spell library contained the following spells:

 Spells                   Type           Power      Damage    Failure   Level
 Sting                    Tmut/Pois      28%        1d4       10%         1
 Kindle Blastsparks       Fire/Tloc/Air  12%        2d11      32%         3


Dungeon Overview and Level Annotations

Branches:
Dungeon (3/15)              Sewer (1/1)

Altars:

Shops:
D:1 !


Innate Abilities, Weirdness & Mutations

You cannot wear most types of armour.
You are amphibious.
You can wear up to eight rings at the same time.
Your skin changes colour to match your surroundings (Stealth+).
Your rubbery body absorbs attacks. (AC +1, EV +1)
You are camouflaged when in or above water. (Stealth+)
You have tentacles for arms and can constrict up to eight enemies at once.


Message History

You enter the shallow water.
You enter the shallow water.
You see here a rat corpse.
You enter the shallow water.
You see here a rat corpse.
You open the door.
A hell rat comes into view.
Found seven items.
Found a gate leading back out of this place.
There is an open door here.
You enter the shallow water.
You hit the hell rat. Your grab misses the hell rat.
The hell rat is lightly wounded.
The hell rat misses you.
The hell rat splashes around in the water.
You closely miss the hell rat. You grab the hell rat.
The hell rat is lightly wounded.
You constrict the hell rat, but do no damage.
The hell rat splashes around in the water. x2
You hit the hell rat but do no damage.
You squeeze the hell rat, but do no damage.
The hell rat is lightly wounded.
You constrict the hell rat. The hell rat bites you!
You feel drained.
You hit the hell rat.
The hell rat is moderately wounded.
You constrict the hell rat, but do no damage.
The hell rat bites you! The hell rat bites you.
* * * LOW HITPOINT WARNING * * *
You feel drained.
* * * LOW HITPOINT WARNING * * *
You are too injured to fight recklessly!
You feel better.
You constrict the hell rat, but do no damage.
The hell rat misses you.
You hit the hell rat but do no damage.
The hell rat is moderately wounded.
You constrict the hell rat, but do no damage.
The hell rat splashes around in the water.
The hell rat bites you!
You die...

#########
###~.~†.~~###
###†.~..†...~~###
#~~††.##'##.....#
##..~###~@~###~~.##
#~~.##.~~r~~.##~~~#
#~~~#~~.~~~~..#~..#
#~..##.?!??!.##†~.#
##...###(∩!###†..##
#~...~#####~.~†~#
###~~...∩~~~~~###
###~~~∩...###
#########


You could see a hell rat.

Vanquished Creatures
  4 adders (D:2)
  4 gnolls (D:2)
  3 river rats (Sewer)
  2 worms (D:2)
  An orc (D:2)
  5 endoplasms
  6 giant cockroaches
  4 goblins
  6 hobgoblins
  8 jackals
  8 quokkas
  3 ball pythons
  2 frilled lizards
  7 kobolds
  14 rats
77 creatures vanquished.

Vanquished Creatures (others)
  8 foxfires (D:1)
8 creatures vanquished.

Grand Total: 85 creatures vanquished

Notes
Turn   | Place    | Note
-------+----------+-------------------------------------------
     0 | D:1      | omnomnOMINOUS the Octopode Wanderer began the quest for the
                  | Orb.
     0 | D:1      | omnomnOMINOUS set off with the following items: a +0
                  | dagger, 8 boomerangs, a scroll of fear; and the following
                  | spells available to memorise: Scorch, Foxfire, Sting,
                  | Kindle Blastsparks, Mephitic Cloud.
     0 | D:1      | Reached XP level 1. HP: 13/13 MP: 2/2
     2 | D:1      | Learned a level 1 spell: Foxfire
   164 | D:1      | Reached XP level 2. HP: 16/18 MP: 3/3
   541 | D:1      | Reached XP level 3. HP: 22/23 MP: 4/4
   562 | D:1      | Found Zomafosi's Distillery.
   571 | D:1      | Bought a potion of curing for 36 gold pieces
   571 | D:1      | Bought a potion of curing for 36 gold pieces
   701 | D:2      | Reached skill level 1 in Dodging
   701 | D:2      | Reached skill level 1 in Conjurations
   891 | D:2      | Reached XP level 4. HP: 29/29 MP: 6/6
  1268 | D:2      | Reached XP level 5. HP: 30/34 MP: 7/7
  1287 | D:2      | Found a faded altar of an unknown god.
  1654 | D:3      | Learned a level 2 spell: Scorch
  1658 | D:3      | Learned a level 3 spell: Mephitic Cloud
  1698 | D:3      | Found a glowing drain.
  1751 | Sewer    | Entered a sewer
  1856 | Sewer    | Slain by a hell rat

Illustrated notes

Levels and vault maps discovered:
D:1:      saegor_arrival_under_anarchy, layout_basic, serial_shops, shop
D:2:      minmay_chambers_of_twos, layout_basic,
          hellmonk_ecumenical_altar_arch_garden, minmay_misc_feat_doors
D:3:      layout_loops_ring, serial_shops, nicolae_shop_window_shopping,
          nicolae_shop_bloodbath_and_beyond, shop, gup_sewer_entry_pipe,
          palyth_stone_intersect
Sewer:    sewer_hellmonk_bad_rat

Skill      XL: |  1  2  3  4  5 |
---------------+----------------+-----
Dodging        | 1 2 |  2.0
Conjurations   | 1 |  1.8
Poison Magic   | 3 |  3.4
Fighting       | 2 |  2.2
Spellcasting   | 2 |  2.0
Throwing       | |  3.0
Fire Magic     | |  3.6
Air Magic      | |  0.4

Action                     |  1- 3 |  4- 6 || total
---------------------------+-------+-------++-------
  Melee: Dagger            |    30 |       ||    30
         Constrict         |    16 |    26 ||    42
         Tentacles         |    12 |    14 ||    26
         Long sword        |    27 |    81 ||   108
         Punch             |       |     1 ||     1
   Cast: Foxfire           |     4 |       ||     4
    Use: Potion            |       |     1 ||     1
   Stab: Sleeping          |     8 |     9 ||    17
 Armour: Skin              |     4 |     7 ||    11
  Dodge: Dodged            |    29 |    54 ||    83

Table legend: (Time is in decaauts)
 A = Elapsed time spent in this place.
 B = Non-inter-level travel time spent in this place.
 C = Inter-level travel time spent in this place.
 D = Time resting spent in this place.
 E = Time spent auto-exploring this place.
 F = Levels seen in this place.
 G = Mean time per level.
                   A        B        C        D        E       F      G
               +--------+--------+--------+--------+--------+-----+--------+
         Total |   1897 |   1873 |     24 |    294 |    958 |   4 |  474.2 |
       Dungeon |   1783 |   1759 |     24 |    270 |    938 |   3 |  594.3 |
         Sewer |    114 |    114 |      0 |     24 |     20 |   1 |  114.0 |
               +--------+--------+--------+--------+--------+-----+--------+

Top non-repeatable levels by time:
     D:2: 975 daAuts
     D:1: 659 daAuts
     D:3: 147 daAuts
   Sewer: 114 daAuts
